 Dungeon Crawl Stone Soup version 0.30.1-1-g62c8e00024 (webtiles) character file.

Game seed: 3636075535381868807

46 Gorgoleon the Ducker (level 3, -17/27 HPs)
             Began as a Human Gladiator on July 16, 2023.
             Demolished by an ogre
             ... wielding a +0 giant club
              (31 damage)
             ... on level 3 of the Dungeon.
             The game lasted 00:04:00 (1514 turns).

Gorgoleon the Ducker (Human Gladiator)              Turns: 1514, Time: 00:04:00

Health: -17/27     AC:  4    Str: 15 (16) XL:     3   Next: 95%
Magic:  3/3        EV: 12    Int:  7 (8)  God:
Gold:   108        SH:  0    Dex: 13 (14) Spells: 2/2 levels left

rFire   . . .        a - +0 long sword
rCold   . . .        (no shield)
rNeg    . . .        b - +0 leather armour
rPois   .            c - +0 helmet
rElec   .            (no cloak)
rCorr   .            (no gloves)
SInv    .            (no boots)
Will    .....        (no amulet)
Stlth   +            (no ring)
HPRegen 0.24/turn    (no ring)
MPRegen 0.08/turn

%: no passive effects
@: attractive
A: no striking features
a: no special abilities


You were on level 3 of the Dungeon.
You visited 1 branch of the dungeon, and saw 3 of its levels.

You collected 108 gold pieces.

Inventory:

Hand Weapons
 a - a +0 long sword (weapon)
 r - a +0 rapier
Missiles
 d - 3 throwing nets (quivered)
 j - 20 stones
Armour
 b - a +0 leather armour (worn)
 c - a +0 helmet (worn)
Jewellery
 i - a +6 ring of dexterity
Scrolls
 f - a scroll of immolation {unknown}
 g - a scroll of enchant weapon {unknown}
 k - 2 scrolls of teleportation {unknown}
 o - a scroll of fog {unknown}
 p - 2 scrolls of identify {unknown}
 u - a scroll of brand weapon {unknown}
Potions
 m - 2 potions of degeneration
 n - a potion of flight {unknown}
 q - a potion of lignification {unknown}
 s - a potion of curing {unknown}
 t - a potion of mutation {unknown}


   Skills:
 * Level 2.3 Fighting
 + Level 3.4 Long Blades
 - Level 2.0 Throwing
 * Level 1.2 Armour
 * Level 3.6 Dodging


You had 2 spell levels left.
You didn't know any spells.
Your spell library was empty.

Dungeon Overview and Level Annotations

Branches:
Dungeon (3/15)

Altars:


Message History

You slash the jackal!
You kill the jackal!
You hit the jackal.
You kill the jackal!
No target in view!
No target in view!
No target in view!
p - 2 scrolls labelled ZIFAETR KUIZIA (gained 1)
You now have 108 gold pieces (gained 14).
Done exploring.
Done exploring.
There is a stone staircase leading down here.
You climb downwards.
There is a stone staircase leading up here.
Found a stone staircase leading down.
An ogre comes into view. It is wielding a +0 giant club.
Throw: javelin
Press: ? - help, Shift-Dir - straight line, f - ogre
Aim: an ogre, wielding a +0 giant club (75% to hit)
You throw a javelin. The javelin barely misses the ogre.
It was a potion of heal wounds.
You feel much better.
It was a potion of attraction.
You feel attractive to monsters. The ogre is attracted toward you.
It was a potion of degeneration.
There was something very wrong with that liquid.
You feel weakened.
You feel dopey.
You feel clumsy. The ogre completely misses you.
You completely miss the ogre. The ogre hits you with a +0 giant club!
Ouch! That really hurt!
You slash the ogre!
The ogre is moderately wounded.
You hit the ogre.
The ogre is moderately wounded.
The ogre barely misses you.
You slash the ogre!
The ogre is severely wounded.
The ogre hits you with a +0 giant club!!
Ouch! That really hurt!
You die...

#..#. #...
. .... .. .
#..# .. .>
###..##.#.(
...
#..........
..
#.#.O.....#
#.##.#@#
#......#
####.###
#<# #.# ..#
.### #. .


You could see an ogre.

Vanquished Creatures
  An adder (D:2)
  A worm (D:2)
  A dart slug (D:2)
  3 ball pythons
  5 endoplasms
  2 giant cockroaches (D:1)
  3 goblins
  A hobgoblin (D:2)
  2 jackals (D:2)
  2 quokkas (D:1)
  6 bats
  A kobold (D:1)
28 creatures vanquished.

Notes
Turn   | Place    | Note
-------+----------+-------------------------------------------
     0 | D:1      | Gorgoleon the Human Gladiator began the quest for the Orb.
     0 | D:1      | Reached XP level 1. HP: 16/16 MP: 1/1
   119 | D:1      | Reached XP level 2. HP: 22/22 MP: 2/2
   919 | D:2      | Reached XP level 3. HP: 26/27 MP: 3/3
   964 | D:2      | Found a faded altar of an unknown god.
   971 | D:2      | Reached skill level 1 in Armour
  1506 | D:3      | Noticed an ogre
  1514 | D:3      | Demolished by an ogre

Illustrated notes

Levels and vault maps discovered:
D:1:      minmay_arrival_diagonal_passages, layout_basic
D:2:      layout_rooms, hellmonk_ecumenical_altar_lost_god, minmay_puff
D:3:      layout_loops_cross, nicolae_elyvilon_peaceful_grove

Skill      XL: |  1  2  3 |
---------------+----------+-----
Armour         | 1 |  1.2
Fighting       | |  2.3
Long Blades    | |  3.4
Throwing       | |  2.0
Dodging        | |  3.6

Action                     || total
---------------------------++-------
  Melee: Long sword        ||    89
  Throw: Javelin           ||     1
    Use: Potion            ||     3
         Scroll            ||     1
   Stab: Sleeping          ||     1
 Armour: Leather armour    ||    28
  Dodge: Dodged            ||    74
